cohdb
Replays
Latest Replays
All Replays
Popular Replays
Top Player Replays
Match Explorer
How It Works
Community
CoH3 Stats
Reddit
Sign in to upload your games and track your stats! →
Sign in with Steam
Match 45986695
Unlisted
Match 45986695
Overview
Messages
Build Orders
End
Selects Special Operations Battlegroup
Selects M29 Weasel Recon Vehicle
M29 Weasel Recon Vehicle
Construct Weapon Support Center
M1919 Machine Gun Team
M1919 Machine Gun Team
M1919 Machine Gun Team
Infantry Support Center
Selects Raiding Flares
Bazooka Squad
M3 Armored Personnel Carrier
Raiding Flares
Improved M9 Bazooka Rockets
M3 Armored Personnel Carrier
Selects SSF Commando Squad
SSF Commando Squad
Raiding Flares
SSF Commando Squad
Team saupiquet
KisMarT
lerobinoududu78
R.U.C
Hippolyte782
francois
0
0
Comments
sign in to comment!
No comments posted yet!